 Dungeon Crawl Stone Soup version 0.28.0-53-g5a82cb258f (webtiles) character file.

Game seed: 8476434851798955203

65 Ihaveafatcat the Skirmisher (level 4, -1/39 (40) HPs)
             Began as a Hill Orc Fighter on Nov 21, 2022.
             Slain by Crazy Yiuf
             ... wielding a +2 quarterstaff of chaos
              (4 damage)
             ... on level 2 of the Dungeon.
             The game lasted 00:02:08 (2091 turns).

Ihaveafatcat the Skirmisher (Hill Orc Fighter)      Turns: 2091, Time: 00:02:08

HP:   -1/39 (40)    AC:  7    Str: 20    XL:     4   Next: 14%
MP:   4/4           EV:  9    Int:  8    God:
Gold: 99            SH:  4    Dex: 10    Spells: 3/3 levels left

rFire   . . .      SeeInvis .   a - +0 war axe
rCold   . . .      Faith    .   c - +0 buckler
rNeg    . . .      Spirit   .   b - +0 scale mail
rPois   .          Reflect  .   (no helmet)
rElec   .          Harm     .   (no cloak)
rCorr   .          Rampage  .   (no gloves)
Will    .....                   (no boots)
Stlth   ..........              (no amulet)
HPRegen 0.13/turn               (no ring)
MPRegen 0.09/turn               (no ring)

@: lethally poisoned (-1 -> -14), lightly drained
A: no striking features
a: no special abilities


You were on level 2 of the Dungeon.
You visited 1 branch of the dungeon, and saw 2 of its levels.

You collected 99 gold pieces.

Inventory:

Hand Weapons
 a - a +0 war axe (weapon)
Armour
 b - a +0 scale mail (worn)
 c - a +0 buckler (worn)
Scrolls
 e - a scroll of teleportation {unknown}
 i - a scroll of fog {unknown}
 j - 3 scrolls of amnesia {unknown}
 k - a scroll of enchant armour {unknown}
Potions
 d - a potion of might
 f - 2 potions of degeneration {unknown}
 g - a potion of resistance {unknown}
 h - a potion of attraction {unknown}


   Skills:
 + Level 4.0 Fighting
 + Level 3.8 Axes
 + Level 4.0 Armour
 + Level 0.3 Dodging
 + Level 0.1 Stealth
 + Level 3.6 Shields


You had 3 spell levels left.
You didn't know any spells.
Your spell library contained the following spells:

 Spells                   Type           Power      Damage    Failure   Level
 Summon Guardian Golem    Hex/Summ       0%         N/A       99%         3
 Orb of Destruction       Conj           0%         9d5       100%        7
 Spellforged Servitor     Conj/Summ      0%         N/A       100%        7


Dungeon Overview and Level Annotations

Branches:
Dungeon (2/15)

Altars:
Kikubaaqudgha

Shops:
D:1 =[   D:2 =

Annotations:
D:2 Crazy Yiuf


Message History

No reachable target in view!
Could not explore, unopened runed door.
No reachable target in view!
Could not explore, unopened runed door.
No reachable target in view!
Could not explore, unopened runed door.
No reachable target in view!
Could not explore, unopened runed door.
Could not explore, unopened runed door.
You open the door. You hit Crazy Yiuf but do no damage.
Crazy Yiuf completely misses you.
You slash Crazy Yiuf!
Crazy Yiuf is heavily wounded.
Crazy Yiuf hits you with a +2 quarterstaff of chaos.
Crazy Yiuf burns you.
You closely miss Crazy Yiuf.
Crazy Yiuf is heavily wounded.
Crazy Yiuf says, "Prologue water stair!"
Crazy Yiuf hits you with a +2 quarterstaff of chaos.
Crazy Yiuf draws strength from your wounds!
Crazy Yiuf hits you with a +2 quarterstaff of chaos.
You feel drained.
You closely miss Crazy Yiuf.
Crazy Yiuf is heavily wounded.
Crazy Yiuf hits you with a +2 quarterstaff of chaos!
You are poisoned.
You barely miss Crazy Yiuf.
Crazy Yiuf is heavily wounded.
You feel very sick.
Crazy Yiuf hits you with a +2 quarterstaff of chaos.
You are lethally poisoned!
You slash Crazy Yiuf!
Crazy Yiuf is almost dead.
* * * LOW HITPOINT WARNING * * *
You feel very sick. Crazy Yiuf barely misses you.
Crazy Yiuf hits you with a +2 quarterstaff of chaos!
* * * LOW HITPOINT WARNING * * *
Crazy Yiuf freezes you.
You die...

#####...#.#..###
#......
#......)..#....#
#......
#.###...##..<#.#
#...... #.#
############
#...... #.#
####...... #.#
#.........
#.##### ###
#....#####
#...#.## ###..)#
#....#
#......####@g...#
#....#
##......#..##...#
#....#
##.#..#.### ###
#....# ########
#....# #....#
######


You could see Crazy Yiuf.

Vanquished Creatures
  2 adders (D:2)
  A bat (D:1)
  2 endoplasms (D:1)
  2 giant cockroaches (D:1)
  3 goblins
  6 hobgoblins
  7 kobolds
  9 quokkas
  A ball python (D:2)
  4 frilled lizards
  6 rats
43 creatures vanquished.

Notes
Turn   | Place    | Note
-------+----------+-------------------------------------------
     0 | D:1      | Ihaveafatcat the Hill Orc Fighter began the quest for the
                  | Orb.
     0 | D:1      | Reached XP level 1. HP: 19/19 MP: 1/1
   278 | D:1      | Found Ivamost's Armour Boutique.
   300 | D:1      | Reached XP level 2. HP: 26/27 MP: 2/2
   446 | D:1      | Found Wephur Pybo's Jewellery Shoppe.
   973 | D:1      | Reached XP level 3. HP: 29/33 MP: 3/3
  1533 | D:2      | Found an ancient bone altar of Kikubaaqudgha.
  1690 | D:2      | Found a runed translucent door.
  1691 | D:2      | Noticed Crazy Yiuf
  1793 | D:2      | Reached XP level 4. HP: 23/40 MP: 4/4
  1978 | D:2      | Found Buci's Jewellery Shoppe.
  2091 | D:2      | Slain by Crazy Yiuf

Illustrated notes

Levels and vault maps discovered:
D:1:      tarquinn_simple_flora_water_d, layout_basic, serial_shops,
          nicolae_shop_hallway_plus, shop, grunt_decor_mini_mirrors
D:2:      layout_basic, serial_shops, nicolae_shop_statue_plus, basic_altar,
          minmay_pentomino_p2, uniq_crazy_yiuf_cottage

Skill      XL: |  1  2  3 |
---------------+----------+-----
Axes           | 3 |  3.8
Fighting       | 4 |  4.0
Armour         | 4 |  4.0
Dodging        | |  0.3
Stealth        | |  0.1
Shields        | |  3.6

Action                   |  1- 3 |  4- 6 || total
-------------------------+-------+-------++-------
Melee: War axe           |    98 |    11 ||   109
Armor: Scale mail        |    36 |     3 ||    39
Dodge: Dodged            |    58 |     3 ||    61
Block: Buckler           |    35 |       ||    35
